 Dungeon Crawl Stone Soup version 0.31-a0-703-gcfe89afef6 (webtiles) character file.

Game seed: 6200426981849872328

137 Newt the Shooter (level 5, -1/35 HPs)
             Began as a Kobold Hunter on Sept 8, 2023.
             Slain by an orc wizard
             ... wielding a +0 dagger
              (2 damage)
             ... on level 2 of the Dungeon on Sept 9, 2023.
             The game lasted 00:01:50 (1758 turns).

Newt the Shooter (Kobold Hunter)                    Turns: 1758, Time: 00:01:50

Health: -1/35      AC:  4    Str:  9    XL:     5   Next: 44%
Magic:  5/5        EV: 14    Int: 10    God:
Gold:   72         SH:  0    Dex: 20    Spells: 4/4 levels left

rFire   . . .        a - +0 shortbow
rCold   . . .        (shield currently unavailable)
rNeg    . . .        c - +0 leather armour
rPois   .            f - +0 helmet
rElec   .            (no cloak)
rCorr   .            (no gloves)
SInv    .            (no boots)
Will    .....        (no amulet)
Stlth   +++          (no ring)
HPRegen 0.25/turn    (no ring)
MPRegen 0.09/turn

%: no passive effects
@: no status effects
A: small, no large weapons, nightstalker 3, MP-powered wands
a: no special abilities


You were on level 2 of the Dungeon.
You visited 1 branch of the dungeon, and saw 3 of its levels.

You collected 72 gold pieces.

Inventory:

Hand Weapons
 a - a +0 shortbow (weapon)
Armour
 c - a +0 leather armour (worn)
 f - a +0 helmet (worn)
Scrolls
 b - a scroll of butterflies
 d - a scroll of fog
 e - a scroll of immolation
 h - a scroll of enchant armour
 i - a scroll of blinking
 j - 2 scrolls of amnesia
Potions
 g - a potion of heal wounds {unknown}
 k - a potion of brilliance {unknown}


   Skills:
 - Level 5.0 Fighting
 + Level 6.3 Ranged Weapons
 - Level 2.4 Dodging
 - Level 1.3 Stealth


You had 4 spell levels left.
You didn't know any spells.
Your spell library contained the following spells:

 Spells                   Type           Power      Damage    Failure   Level
 Frozen Ramparts          Ice            0%         1d1       85%         3
 Petrify                  Tmut/Erth      0%         N/A       99%         4
 Metabolic Englaciation   Hex/Ice        0%         N/A       100%        5


Dungeon Overview and Level Annotations

Branches:
Dungeon (3/15)

Altars:


Innate Abilities, Weirdness & Mutations

You are small and have problems with some larger weapons.
You are completely attuned to the shadows.
You expend magic power (3 MP) to strengthen your wands.


Message History

The orc hits you but does no damage. The hobgoblin closely misses you.
The orc wizard hits you but does no damage.
The orc misses you.
You shoot an arrow. The arrow barely misses the hobgoblin.
The arrow hits the worm.
The worm is almost dead.
The orc wizard barely misses you. The orc hits you with a +0 flail.
The hobgoblin misses you. The orc closely misses you.
You shoot an arrow. The arrow hits the hobgoblin.
You kill the hobgoblin!
A rat comes into view.
The orc wizard points at you and mumbles some strange words.
The puff of flame hits you! The orc hits you with a +0 flail!
The orc hits you with a +0 short sword. The dart slug launches a dart at you.
The slug dart hits you.
* * * LOW HITPOINT WARNING * * *
There are monsters nearby!
The orc wizard hits you with a +0 dagger.
* * * LOW HITPOINT WARNING * * *
The orc hits you with a +0 flail.
* * * LOW HITPOINT WARNING * * *
The orc hits you but does no damage.
You climb upwards.
There is a stone staircase leading down here.
Unknown command.
You shoot an arrow. The arrow hits the orc.
The orc is heavily wounded.
The orc misses you. The orc wizard casts a spell at you.
The magic dart hits you but does no damage.
The orc barely misses you.
Unknown command.
You shoot an arrow. The arrow hits the orc!
You kill the orc!
The orc wizard hits you but does no damage.
The orc hits you with a +0 flail.
* * * LOW HITPOINT WARNING * * *
The orc wizard hits you with a +0 dagger.
You die...

..........#...................##
..........#.........###.......#
..........#.........# #.......#
..#...†...#.........# #.......#
..#.....#....###.#### #.......#
###.....####.###.# #.......#
#.....# #..##.# ##.######
#.....# ##.##o#######.# #######
#..o@).......# ##############


You could see an orc wizard and an orc.

Vanquished Creatures
  A phantom (D:2)
  An adder (D:2)
  2 worms (D:2)
  2 dart slugs
  An orc (D:2)
  3 endoplasms
  7 giant cockroaches
  6 hobgoblins
  2 kobolds
  2 quokkas (D:2)
  4 bats
  4 frilled lizards (D:1)
  6 goblins
  4 rats
45 creatures vanquished.

Notes
Turn   | Place    | Note
-------+----------+-------------------------------------------
     0 | D:1      | Newt the Kobold Hunter began the quest for the Orb.
     0 | D:1      | Reached XP level 1. HP: 12/12 MP: 1/1
   148 | D:1      | Reached XP level 2. HP: 18/18 MP: 2/2
   400 | D:1      | Reached XP level 3. HP: 21/23 MP: 3/3
   400 | D:1      | Upgraded the game from 0.31-a0-702-gf82c85558f to
                  | 0.31-a0-703-gcfe89afef6
   790 | D:2      | Gained mutation: You are dopey. (Int -2) [potion of
                  | mutation]
   790 | D:2      | Gained mutation: You expend magic power (3 MP) to
                  | strengthen your wands. [potion of mutation]
   790 | D:2      | Lost mutation: You are dopey. (Int -2) [potion of mutation]
  1161 | D:2      | Reached XP level 4. HP: 30/30 MP: 4/4
  1657 | D:3      | Noticed a phantom
  1715 | D:2      | Killed a phantom
  1716 | D:2      | Reached skill level 5 in Fighting
  1716 | D:2      | Reached skill level 6 in Ranged Weapons
  1716 | D:2      | Reached XP level 5. HP: 28/35 MP: 5/5
  1758 | D:2      | HP: 1/35 [orc/+0 flail (6)]
  1758 | D:2      | Slain by an orc wizard

Illustrated notes

Levels and vault maps discovered:
D:1:      matt_arrival_los_fun, layout_basic
D:2:      layout_basic, minmay_worlds_worst_comb
D:3:      layout_rooms, kiku_gazebo_pond_becter, uniq_sigmund, uniq_pargi

Skill      XL: |  1  2  3  4 |
---------------+-------------+-----
Fighting       | 3 4 5 |  5.0
Ranged Weapons | 6 |  6.3
Dodging        | |  2.4
Stealth        | |  1.3

Action                     |  1- 3 |  4- 6 || total
---------------------------+-------+-------++-------
   Fire: Shortbow          |    98 |    32 ||   130
    Use: Scroll            |     5 |       ||     5
         Potion            |     1 |       ||     1
 Armour: Leather armour    |    17 |    24 ||    41
  Dodge: Dodged            |    26 |    15 ||    41

Table legend: (Time is in decaauts)
 A = Elapsed time spent in this place.
 B = Non-inter-level travel time spent in this place.
 C = Inter-level travel time spent in this place.
 D = Time resting spent in this place.
 E = Time spent auto-exploring this place.
 F = Levels seen in this place.
 G = Mean time per level.
                   A        B        C        D        E       F      G
               +--------+--------+--------+--------+--------+-----+--------+
         Total |   1783 |   1715 |     68 |     47 |   1424 |   3 |  594.3 |
       Dungeon |   1783 |   1715 |     68 |     47 |   1424 |   3 |  594.3 |
               +--------+--------+--------+--------+--------+-----+--------+

Top non-repeatable levels by time:
     D:2: 1010 daAuts
     D:1: 756 daAuts
     D:3: 16 daAuts
